 Dungeon Crawl Stone Soup version 0.22.1-1-ga44c0e5 (webtiles) character file.

64 Irenicus the Chopper (level 3, -2/33 HPs)
             Began as a Deep Dwarf Monk on Oct 5, 2018.
             Killed by divine providence
             ... invoked by an orc priest
              (10 damage)
             ... on level 3 of the Dungeon.
             The game lasted 00:04:54 (880 turns).

Irenicus the Chopper (Deep Dwarf Monk)               Turns: 880, Time: 00:04:55

Health: -2/33      AC:  3    Str: 14    XL:     3   Next: 91%
Magic:  3/3        EV: 13    Int: 10    God:
Gold:   53         SH:  0    Dex: 16    Spells: 2/2 levels left

rFire    . . .     SeeInvis .   a - +0 hand axe
rCold    . . .     Gourm    .   (no shield)
rNeg     . . .     Faith    .   e - +0 leather armour
rPois    .         Spirit   .   (no helmet)
rElec    .         Reflect  .   (no cloak)
rCorr    .         Harm     .   (no gloves)
MR       .....                  (no boots)
Stlth    +.........             (no amulet)
HPRegen  0.00/turn              j - ring of flight {+Fly, !d}
MPRegen  0.08/turn              (no ring)

@: confused, non-regenerating
A: damage resistance, heal wounds, sense surroundings 1, no regeneration
a: Heal Wounds, Evoke Flight


You were on level 3 of the Dungeon.
You were not hungry.

You visited 1 branch of the dungeon, and saw 3 of its levels.

You collected 53 gold pieces.

Inventory:

Hand Weapons
 a - a +0 hand axe (weapon)
 h - a +2 hunting sling of flaming
   (You found it on level 1 of the Dungeon)
Armour
 e - a +0 leather armour (worn)
   (You found it on level 1 of the Dungeon)
Jewellery
 j - a ring of flight (left hand) {+Fly, !d}
   (You found it on level 1 of the Dungeon)
Scrolls
 b - 2 scrolls of remove curse {unknown}
 f - a scroll of fear {unknown}
 g - a scroll of enchant armour {unknown}
Potions
 d - a potion of curing
 k - a potion of ambrosia
Comestibles
 c - 2 rations


   Skills:
 - Level 2.6 Fighting
 + Level 5.3 Axes
 - Level 3.2 Dodging
 - Level 2.4 Stealth


You had 2 spell levels left.
You didn't know any spells.
Your spell library was empty.

Dungeon Overview and Level Annotations

Branches:
Dungeon (3/15)

Altars:
Gozag
Trog


Innate Abilities, Weirdness & Mutations

You are resistant to damage.
You can heal yourself by infusing magical energy.
You passively map a small area around you.
You do not regenerate.


Message History

You closely miss the leopard gecko. The bat barely misses you.
The leopard gecko bites you.
You slash the leopard gecko!
You kill the leopard gecko!
The bat completely misses you. The bat misses you.
The bat hits you but does no damage. The bat barely misses you.
You barely miss the bat. The bat hits you but does no damage.
The bat closely misses you.
You slash the bat!
You kill the bat!
You see here a robe.
You see here a robe.
You fail to use your ability.
You open the door.
There is an open door here.
A kobold comes into view. It is wielding a short sword.
The helpless kobold fails to defend itself.
You slash the kobold!
You kill the kobold!
Things that are here:
a short sword; 2 stones You open the door.
There is an open door here.
There is a stone staircase leading down here.
You climb downwards.
There is a stone staircase leading up here.
You see here 13 stones.
There is a stone staircase leading down here.
You climb downwards.
A leopard gecko and a kobold come into view.
The kobold shouts!
The leopard gecko hisses angrily.
Found 18 gold pieces, 18 arrows, 2 sapphire potions and 22 bolts.
Found an opulent altar of Gozag.
There is a stone staircase leading up here.
You see here 8 gold pieces.
You now have 46 gold pieces (gained 8).
You hit the leopard gecko. You hit the kobold.
You kill the kobold!
The leopard gecko closely misses you. The leopard gecko bites you.
* * * LOW HITPOINT WARNING * * *
You take 1 damage, and have 7/33 hp.
You slash the leopard gecko!
You kill the leopard gecko!
You see here 2 sapphire potions.
k - 2 sapphire potions A quokka comes into view.
You see here an enchanted short sword.
You see here 2 gold pieces.
You now have 48 gold pieces (gained 2).
You see here a gold piece.
You now have 49 gold pieces (gained 1).
You see here a gold piece.
You now have 50 gold pieces (gained 1).
You see here 2 gold pieces.
You now have 52 gold pieces (gained 2).
You closely miss the quokka.
The quokka bites you but does no damage.
You slash the quokka!
You kill the quokka!
You see here a gold piece.
You now have 53 gold pieces (gained 1).
A rat comes into view. 2 orcs come into view.
The orc shouts!
An orc comes into view. It is wielding a dagger.
The orc shouts!
An orc priest comes into view.
It is wielding a flail. 3 orcs come into view.
You hit the rat.
You kill the rat!
The orc shouts! x2; You hear a shout!
You hit the orc. The orc misses you.
It was a potion of magic.
Magic courses through your body. The orc misses you.
It was a potion of curing.
You feel better. The orc hits you but does no damage.
The orc completely misses you.
You regained 9 hp, and now have 16/33 hp.
You hit the orc. You barely miss the orc. You barely miss the orc.
You hit the orc.
A worm comes into view.
You hit the orc but do no damage. You hit the orc. The orc barely misses you.
You hit the orc.
You kill the orc!
You barely miss the orc.
You closely miss the orc. x2; The orc misses you.
The orc hits you but does no damage. The orc closely misses you.
The orc hits you but does no damage.
An orc comes into view. It is wielding a short sword.
The orc misses you.
It was a potion of ambrosia.
You are confused.
You feel invigorated.
The orc shouts!
The orc priest calls down the wrath of Beogh upon you.
Beogh smites you!
* * * LOW HITPOINT WARNING * * *
The orc misses you. The orc hits you but does no damage.
You take 11 damage, and have 5/33 hp.
MASSIVE DAMAGE!!
The orc priest calls down the wrath of Beogh upon you.
Beogh smites you!
You die...

###........#
#$$...<....#
#$_........#
#..........###
#.##.#####...#
#.##(#####.#.##
#.............#
* *
#......o....#
#......o.@..#
#...o.oo....#
#.##o##o...## ,
#.##.##.#....#
#.##o##..#.#(#
#.##o###..w#.#
*, #.##o# #(..
# , #.*#.# #...
#.# #...


You could see a worm, an orc priest and 6 orcs.

Vanquished Creatures
  An adder (D:2)
  5 dart slugs
  3 leopard geckos
  An orc (D:3)
  2 giant cockroaches (D:1)
  4 goblins
  6 hobgoblins
  A quokka (D:3)
  A ball python (D:1)
  5 bats
  2 frilled lizards
  3 kobolds
  8 rats
42 creatures vanquished.

Notes
Turn   | Place    | Note
-------+----------+-------------------------------------------
     0 | D:1      | Irenicus the Deep Dwarf Monk began the quest for the Orb.
     0 | D:1      | Reached XP level 1. HP: 20/20 MP: 1/1
   176 | D:1      | Reached skill level 4 in Axes
   176 | D:1      | Reached XP level 2. HP: 21/27 MP: 2/2
   299 | D:2      | Found a bloodstained altar of Trog.
   312 | D:2      | HP: 4/27 [leopard gecko (3)]
   331 | D:2      | Reached XP level 3. HP: 22/33 MP: 3/3
   421 | D:1      | Reached skill level 5 in Axes
   649 | D:1      | HP: 8/33 [leopard gecko (1)]
   831 | D:3      | Found an opulent altar of Gozag.
   836 | D:3      | HP: 7/33 [leopard gecko (1)]
   879 | D:3      | HP: 5/33 [orc priest/divine providence (15)]
   880 | D:3      | Killed from afar by an orc priest

Skill      XL: |  1  2  3 |
---------------+----------+-----
Axes           | 4 5 |  5.3
Fighting       | |  2.6
Dodging        | |  3.2
Stealth        | |  2.4

Action                   || total
-------------------------++-------
Melee: Hand axe          ||   114
 Abil: Heal Wounds       ||     1
  Use: Potion            ||     3
 Stab: Sleeping          ||    12
Armor: Robe              ||     1
       Leather armour    ||    22
Dodge: Dodged            ||    85

Vault maps used:
D:1:      minmay_arrival_jagged
D:2:      lightli_temple_of_fire
D:3:      nicolae_gozag_seed_capital, uniq_ijyb

Table legend:
 A = Turns spent in this place as a percentage of turns spent in the entire game.
 B = Non-inter-level travel turns spent in this place as a percentage of non-inter-level travel turns spent in the entire game.
 C = Inter-level travel turns spent in this place as a percentage of turns spent in this place.
 D = Turns resting spent in this place as a percentage of non-inter-level travel turns spent in this place.
 E = Turns spent auto-exploring this place as a percentage of non-inter-level travel turns spent in this place.
 F = Non-inter-level travel turns spent in this place divided by the number of levels of this place that you've seen.
                   A       B       C       D       E      F
               +-------+-------+-------+-------+-------+----------------------
         Total | 100.0 | 100.0 |   0.0 |   0.0 |   0.0 | 293.3
       Dungeon | 100.0 | 100.0 |   0.0 |   0.0 |   0.0 | 293.3
               +-------+-------+-------+-------+-------+----------------------

Table legend:
 A = Kills in this place as a percentage of kills in entire the game.
 B = Kills by you in this place as a percentage of kills by you in the entire game.
 C = Kills by friends in this place as a percentage of kills by friends in the entire game.
 D = Other kills in this place as a percentage of other kills in the entire game.
 E = Experience gained in this place as a percentage of experience gained in the entire game.
 F = Experience gained in this place divided by the number of levels of this place that you have seen.
                   A       B       C       D       E      F
               +-------+-------+-------+-------+-------+----------------------
         Total | 100.0 | 100.0 |   N/A |   N/A | 100.0 |  30.7
       Dungeon | 100.0 | 100.0 |   N/A |   N/A | 100.0 |  30.7
               +-------+-------+-------+-------+-------+----------------------
